 Dungeon Crawl Stone Soup version 0.29.1-15-g9cfb28693d (webtiles) character file.

Game seed: 502413551536921217

98 hawla the Caller (level 4, -1/18 HPs)
             Began as a Felid Summoner on Apr 6, 2023.
             Killed by divine providence
             ... invoked by an orc priest
              (10 damage)
             ... on level 3 of the Dungeon.
             The game lasted 00:06:38 (3590 turns).

hawla the Caller (Felid Summoner)                   Turns: 3590, Time: 00:06:38

Health: -1/18      AC:  1    Str:  4    XL:     4   Next: 44%
Magic:  9/9        EV: 17    Int: 18    God:
Gold:   123        SH:  0    Dex: 16    Spells: 3/9 levels left
                                        Lives:  0   Deaths: 1

rFire   . . .      SeeInvis +     - Unarmed
rCold   . . .      Faith    .   (shield unavailable)
rNeg    . . .      Spirit   .   (body armour unavailable)
rPois   .          Reflect  .   (helmet unavailable)
rElec   .          Harm     .   (cloak unavailable)
rCorr   .          Rampage  .   (gloves unavailable)
Will    .....                   (boots unavailable)
Stlth   +++.......              (no amulet)
HPRegen 0.06/turn               (no ring)
MPRegen 0.11/turn               (no ring)

@: about to teleport, quick
A: very small, claws 1, fangs 3, see invisible, speed 1, shaggy fur 1, stealthy
paws, no weapons or thrown items, no armour, multi-lived
a: no special abilities


You were on level 3 of the Dungeon.
You visited 1 branch of the dungeon, and saw 3 of its levels.

You collected 123 gold pieces.

Inventory:

Scrolls
 b - a scroll of teleportation
 f - a scroll of butterflies {unknown}
 g - 3 scrolls of identify {unknown}
 h - 2 scrolls of magic mapping {unknown}
 j - a scroll of noise {unknown}
Potions
 a - a potion of magic
 c - a potion of flight {unknown}
 d - 2 potions of curing
 e - a potion of resistance {unknown}
 i - a potion of attraction {unknown}


   Skills:
 + Level 0.2 Fighting
 + Level 3.0 Dodging
 + Level 4.3 Stealth
 + Level 2.2 Unarmed Combat
 + Level 3.0 Spellcasting
 + Level 4.7 Summonings


You had 3 spell levels left.
You knew the following spells:

 Your Spells              Type           Power      Damage    Failure   Level
a - Summon Small Mammal   Summ           76%        N/A       2%          1
b - Call Imp              Summ           19%        N/A       3%          2
c - Call Canine Familiar  Summ           19%        N/A       7%          3

Your spell library contained the following spells:

 Spells                   Type           Power      Damage    Failure   Level
 Summon Guardian Golem    Hex/Summ       11%        N/A       19%         3
 Summon Lightning Spire   Summ/Air       11%        N/A       52%         4


Dungeon Overview and Level Annotations

Branches:
Dungeon (3/15)

Altars:


Innate Abilities, Weirdness & Mutations

You have sharp claws.
You have razor-sharp teeth.
You have supernaturally acute eyesight. (SInv)
You cover ground quickly. (Speed+)
You are covered in fur. (AC +1)
Your paws help you pounce on unaware monsters.
You are incapable of wielding weapons or throwing items.
You cannot wear armour.
You gain extra lives every three experience levels.


Message History

You closely miss the bat. You claw the bat.
You kill the bat!
The bat barely misses you.
You completely miss the bat.
The bat is moderately wounded.
The bat barely misses you. The bat completely misses you.
You scratch the bat.
You kill the bat!
The bat barely misses you. The bat misses you.
You scratch the bat.
You kill the bat!
No target in view!
You now have 117 gold pieces (gained 8).
You see here a bat corpse.
You now have 123 gold pieces (gained 6).
Found 3 stones.
An orc comes into view. It is wielding a +0 hand axe.
An orc is nearby!
An orc wizard comes into view. It is wielding a +0 dagger.
An orc priest comes into view. It is wielding a +0 whip.
You see here 3 stones. 2 orcs come into view.
The orc shouts!
The orc priest shouts!
The orc wizard casts a spell at you. The magic dart hits you!
Ouch! That really hurt!
The orc shouts!
The orc wizard casts a spell.
The orc wizard flickers and vanishes for a moment.
You see here 3 stones.
As you read the scroll labelled EPYCIY PUYBE, it crumbles to dust.
You feel strangely unstable.
It was a scroll of teleportation.
The orc closely misses you.
The orc throws a boomerang.
The boomerang barely misses you.
The orc throws a boomerang.
The boomerang completely misses you.
The orc priest calls down the wrath of Beogh upon you.
Beogh smites you!
Ouch! That really hurt!
You die...

###.. ############.... .
#####............##. ..
#.......############ ...####
#####...# # ....... #...# ###
....... #...# ####.#
.....oo#######...#######....#
......ooo...@................
..#..#########.....########.#
... #......# #.. . ##..<..#
### #..#..# ## #.....##### #.
#..##...b.# #. .....##..##†#
##. .......)..b.# #..


You could see an orc priest, an orc wizard (invisible) and 3 orcs.

Vanquished Creatures
  3 adders (D:2)
  3 gnolls (D:2)
  A worm (D:2)
  A dart slug (D:1)
  An orc (D:3)
  5 endoplasms
  A goblin (D:2)
  5 hobgoblins
  A quokka (D:3)
  3 ball pythons
  9 bats
  3 frilled lizards
  5 kobolds
  2 rats (D:1)
43 creatures vanquished.

Vanquished Creatures (collateral kills)
  4 gnolls (D:2)
  An adder (D:2)
  A ball python (D:2)
  An endoplasm (D:1)
  A giant cockroach (D:1)
  A goblin (D:1)
  3 hobgoblins
  A kobold (D:2)
  2 bats
  A frilled lizard (D:1)
  A rat (D:2)
17 creatures vanquished.

Grand Total: 60 creatures vanquished

Notes
Turn   | Place    | Note
-------+----------+-------------------------------------------
     0 | D:1      | hawla the Felid Summoner began the quest for the Orb.
     0 | D:1      | Reached XP level 1. HP: 7/7 MP: 4/4
   244 | D:1      | Reached XP level 2. HP: 11/11 MP: 6/6
  1215 | D:1      | Learned a level 2 spell: Call Imp
  1255 | D:2      | Reached XP level 3. HP: 11/14 MP: 5/7
  1444 | D:2      | Reached skill level 1 in Unarmed Combat
  1483 | D:2      | Found a faded altar of an unknown god.
  1689 | D:2      | Reached XP level 4. HP: 12/18 MP: 4/8
  2136 | D:2      | Learned a level 3 spell: Call Canine Familiar
  2693 | D:2      | Slain by a gnoll
  2694 | D:2      | Reached XP level 3. HP: 0/14 MP: 7/8
  2841 | D:2      | Reached XP level 4. HP: 18/18 MP: 1/9
  3590 | D:3      | Killed from afar by an orc priest

Illustrated notes

Levels and vault maps discovered:
D:1:      scummos_arrival_hexagon, layout_loops_ring, minmay_misc_feat_five,
          chequers_serial_rivers_small_3
D:2:      layout_loops_ring, ebering_ecumenical_altar_sacrificial,
          grunt_ministairs_10
D:3:      layout_basic, roderic_batcave, grunt_decor_arrowhead

Skill      XL: |  1  2  3  4 |
---------------+-------------+-----
Stealth        | 3 4 |  4.3
Unarmed Combat | 2 |  2.2
Dodging        | 3 |  3.0
Spellcasting   | 3 |  3.0
Fighting       | |  0.2
Summonings     | |  4.7

Action                   |  1- 3 |  4- 6 || total
-------------------------+-------+-------++-------
Melee: Unarmed           |    72 |    61 ||   133
       Bite              |     7 |     4 ||    11
       Punch             |     1 |     3 ||     4
 Cast: Summon Small Mamm |    24 |    13 ||    37
       Call Imp          |     6 |     3 ||     9
  Use: Potion            |     1 |       ||     1
       Scroll            |       |     1 ||     1
 Stab: Sleeping          |     6 |     3 ||     9
Armor: Skin              |     3 |    17 ||    20
Dodge: Dodged            |    63 |   101 ||   164
